 Dungeon Crawl Stone Soup version 0.19-a0-1268-g6c5d9f8 (webtiles) character file.

2134 Amnesiac the Destroyer (level 9, -6/45 HPs)
             Began as a Deep Elf Wizard on Aug 29, 2016.
             Was a Follower of Vehumet.
             Killed by divine providence
             ... invoked by an orc priest
              (13 damage)
             ... on level 6 of the Dungeon.
             The game lasted 00:12:54 (7155 turns).

Amnesiac the Destroyer (Deep Elf Wizard)            Turns: 7155, Time: 00:12:54

Health: -6/45      AC: 11    Str:  4    XL:     9   Next: 9%
Magic:  2/24       EV: 13    Int: 27    God:    Vehumet [*.....]
Gold:   378        SH:  0    Dex: 13    Spells: 6 memorised, 13 levels left

rFire  . . .     SeeInvis .     h - +0 flail (protect)
rCold  + . .     Gourm    .     a - +0 robe
rNeg   . . .     Faith    .     (no shield)
rPois  .         Spirit   .     H - +0 helmet
rElec  .         Dismiss  .     E - +0 cloak
rCorr  .         Reflect  .     o - +0 pair of gloves
MR     .....     Harm     .     t - +0 pair of boots
Stlth  ++........               (no amulet)
                                (no ring)
                                y - ring of protection from cold

@: exhausted, flying, slowed, very slow
A: no striking features
a: Renounce Religion


You were on level 6 of the Dungeon.
You worshipped Vehumet.
Vehumet was aware of your devotion.
You were very hungry.

You visited 2 branches of the dungeon, and saw 7 of its levels.

You collected 378 gold pieces.

Inventory:

Hand Weapons
 h - a +0 flail of protection (weapon)
Armour
 a - a +0 robe (worn)
 o - a +0 pair of gloves (worn)
 t - a +0 pair of boots (worn)
 E - a +0 cloak (worn)
 H - a +0 helmet (worn)
Jewellery
 y - a ring of protection from cold (left hand)
Wands
 b - a wand of disintegration (3/24)
 p - a wand of paralysis (10/24)
Scrolls
 e - 8 scrolls of identify {unknown}
 g - 2 scrolls of immolation
 j - 3 scrolls of remove curse
 n - 2 scrolls of fog {unknown}
 r - 2 scrolls of amnesia {unknown}
 s - a scroll of blinking {unknown}
 x - a scroll of enchant weapon {unknown}
Potions
 k - a potion of cure mutation
 l - a potion of beneficial mutation {unknown}
 u - 2 potions of haste {unknown}
 v - 2 potions of flight
 w - a potion of berserk rage
 z - a potion of heal wounds {unknown}
 C - a potion of might {unknown}
 G - a potion of mutation {unknown}
Books
 c - a book of Minor Magic

   Spells                             Type                      Level
   a - Magic Dart                     Conjuration                  1
   b - Blink                          Translocation                2
   c - Call Imp                       Summoning                    2
   d - Repel Missiles                 Charms/Air                   2
   e - Slow                           Hexes                        2
   f - Conjure Flame                  Conjuration/Fire             3
   g - Mephitic Cloud                 Conjuration/Poison/Air       3
 m - a book of Maledictions

   Spells                             Type                      Level
   a - Corona                         Hexes                        1
   b - Ensorcelled Hibernation        Hexes/Ice                    2
   c - Confuse                        Hexes                        3
   d - Tukima's Dance                 Hexes                        3
   e - Dazzling Spray                 Conjuration/Hexes            3
Comestibles
 d - 4 bread rations
 f - a beef jerky
 i - 4 meat rations
 q - 6 fruits
 A - a slice of pizza
 D - a chunk of flesh
 F - a royal jelly


   Skills:
 - Level 2.4 Dodging
 - Level 2.4 Stealth
 + Level 9.5 Spellcasting
 * Level 11.0 Conjurations
   Level 1.1 Summonings
 - Level 1.1 Translocations


You had 13 spell levels left.
You knew the following spells:

 Your Spells              Type           Power        Failure   Level  Hunger
a - Repel Missiles        Chrm/Air       ##....       10%         2    None
b - Blink                 Tloc           N/A          6%          2    None
e - Mephitic Cloud        Conj/Pois/Air  ####....     2%          3    None
f - Magic Dart            Conj           ####         1%          1    None
s - Conjure Flame         Conj/Fire      #####...     1%          3    None
z - Dazzling Spray        Conj/Hex       #####.       1%          3    None


Dungeon Overview and Level Annotations

Branches:
Dungeon (6/15)             Temple (1/1) D:5

Altars:
Cheibriados
Dithmenos
Gozag
Kikubaaqudgha
Nemelex Xobeh
Okawaru
Qazlal
Vehumet
Xom
Yredelemnul


Message History

The orc warrior hits you with a battleaxe!
* * * LOW HITPOINT WARNING * * *
The orc priest casts a cantrip, but nothing happens.
Casting: Blink
Confirm with . or Enter, or press ? or * to list all spells.
You blink.
It was a potion of berserk rage.
A red film seems to cover your vision as you go berserk!
You feel yourself moving faster!
You feel mighty!
You feel a strong urge to attack something.
An adder comes into view.
The adder hisses angrily.
You feel your anger subside.
You are no longer berserk.
You are exhausted.
You feel yourself slow down.
You are feeling very hungry.
The orc priest mumbles some strange prayers to Beogh against you.
Beogh smites you!
You die...

#..<....##.# #.##
#.[.....##.# #o#
#.......##.#####.#
#.............##o#
#.......##.##.##.#
........##.# ##.#
#.......##.# #.#
#.########.# #.#
#.########.# #@#
^..........# #S#
#.########## #.#
...######## #.#
........... ..#
...######## ###
#..........
###########


You could see an orc warrior (inner flame), an orc priest and an adder.

Vanquished Creatures
  Grinder (D:5)
  Sigmund (D:4)
  A hungry ghost (D:4)
  Menkaure (D:5)
  Edmund (D:5)
  2 ice beasts
  A black bear (D:6)
  An ogre (D:5)
  A centaur (D:5)
  A scorpion (D:4)
  A howler monkey (D:6)
  An orc priest (D:5)
  9 orc wizards
  Crazy Yiuf (D:3)
  3 giant frog skeletons
  2 iguanas (D:5)
  Natasha (twice) (D:3)
  9 worker ants
  A worker ant zombie (D:6)
  3 gnolls (D:2)
  4 adders
  An ooze (D:5)
  2 adder skeletons (D:5)
  3 worms
  2 dart slugs
  4 giant geckos
  19 orcs
  A ball python (D:1)
  A bat (D:3)
  4 giant cockroaches
  7 goblins
  3 hobgoblins
  4 kobolds
  A quokka (D:3)
  4 giant newts
  4 rats
107 creatures vanquished.

Notes
Turn   | Place    | Note
-------+----------+-------------------------------------------
     0 | D:1      | Amnesiac the Deep Elf Wizard began the quest for the Orb.
     0 | D:1      | Reached XP level 1. HP: 10/10 MP: 7/7
    25 | D:2      | Reached skill level 2 in Conjurations
    25 | D:2      | Reached XP level 2. HP: 8/15 MP: 1/9
   495 | D:2      | Reached skill level 3 in Conjurations
   495 | D:2      | Reached XP level 3. HP: 19/19 MP: 2/11
   500 | D:2      | Learned a level 3 spell: Mephitic Cloud
   504 | D:2      | Learned a level 3 spell: Conjure Flame
   507 | D:2      | Learned a level 2 spell: Repel Missiles
   510 | D:2      | Learned a level 2 spell: Blink
   864 | D:3      | Noticed Natasha
   873 | D:3      | Killed Natasha
   873 | D:3      | Reached skill level 4 in Conjurations
   895 | D:3      | Reached XP level 4. HP: 14/24 MP: 7/12
  1186 | D:4      | Reached skill level 5 in Conjurations
  1275 | D:4      | Reached XP level 5. HP: 28/28 MP: 9/14
  1281 | D:4      | Reached skill level 5 in Spellcasting
  1359 | D:4      | Learned a level 3 spell: Dazzling Spray
  1551 | D:4      | Noticed a hungry ghost
  1563 | D:4      | Killed a hungry ghost
  1563 | D:4      | Reached skill level 6 in Conjurations
  1563 | D:4      | Reached XP level 6. HP: 31/32 MP: 7/16
  1796 | D:4      | Noticed Sigmund
  1813 | D:4      | Killed Sigmund
  1813 | D:4      | Reached skill level 7 in Conjurations
  1813 | D:4      | Reached XP level 7. HP: 36/36 MP: 7/18
  2309 | D:5      | Entered Level 5 of the Dungeon
  2509 | D:5      | Noticed Menkaure
  2531 | D:5      | Killed Menkaure
  2531 | D:5      | Reached skill level 8 in Conjurations
  2667 | D:5      | Found a staircase to the Ecumenical Temple.
  2729 | Temple   | Entered the Ecumenical Temple
  2791 | Temple   | Became a worshipper of Vehumet
  3758 | D:2      | Found a snail-covered altar of Cheibriados.
  3988 | D:3      | Found a runed door.
  4395 | D:3      | Noticed Natasha
  4401 | D:3      | Killed Natasha
  4930 | D:3      | Noticed Crazy Yiuf
  4933 | D:3      | Killed Crazy Yiuf
  4933 | D:3      | Reached XP level 8. HP: 41/41 MP: 10/21
  5147 | D:5      | Reached * piety under Vehumet
  5147 | D:5      | Offered knowledge of Freeze by Vehumet.
  5148 | D:5      | Reached skill level 9 in Conjurations
  5502 | D:5      | Noticed Edmund
  5531 | D:5      | Killed Edmund
  5638 | D:5      | Noticed Grinder
  5904 | D:5      | Killed Grinder
  5904 | D:5      | Reached skill level 10 in Conjurations
  6894 | D:6      | Reached XP level 9. HP: 45/45 MP: 5/24
  7101 | D:6      | Reached skill level 11 in Conjurations
  7133 | D:6      | HP: 1/45 [orc priest/divine providence (15)]
  7155 | D:6      | Killed from afar by an orc priest

Vault maps used:
D:1:      dpeg_arrival_tiny_a
D:2:      marbit_many_paths, serial_bayou_lake_a
D:3:      first_bread, serial_curves, eino_curves_02, eino_curves_02,
          uniq_natasha, uniq_crazy_yiuf_cottage
D:4:      uniq_sigmund
D:5:      lemuel_ice_spiral_2, minmay_item_behind_shaft, corexii_hall_statues_u,
          uniq_menkaure, uniq_edmund, uniq_grinder
Temple:   jpeg_temple_island

Skill      XL: |  1  2  3  4  5  6  7  8  9 |
---------------+----------------------------+-----
Conjurations   | 2 3 4 5 6 7 8 10 11 | 11.0
Spellcasting   | 5 6 7 9 |  9.5
Dodging        | |  2.4
Stealth        | |  2.4
Summonings     | |  1.1
Translocations | |  1.1

Action                   |  1- 3 |  4- 6 |  7- 9 || total
-------------------------+-------+-------+-------++-------
Melee: Unarmed           |     2 |       |       ||     2
       Flail             |     1 |    28 |    61 ||    90
       Whip              |     1 |       |       ||     1
 Cast: Magic Dart        |    46 |    52 |   109 ||   207
       Mephitic Cloud    |     2 |     3 |     5 ||    10
       Conjure Flame     |     1 |     3 |    10 ||    14
       Repel Missiles    |     1 |     1 |     1 ||     3
       Dazzling Spray    |       |       |   113 ||   113
       Blink             |       |       |     2 ||     2
  Use: Potion            |       |       |     6 ||     6
       Scroll            |       |       |     2 ||     2
 Stab: Confused          |     1 |     2 |     4 ||     7
       Invisible         |       |       |     2 ||     2
  Eat: Chunk             |       |     3 |    16 ||    19
Armor: Robe              |     2 |    12 |    31 ||    45
Dodge: Dodged            |    15 |    17 |    71 ||   103
       Deflected         |       |     1 |     3 ||     4
